 Dungeon Crawl Stone Soup version 0.29.1-1-gd02db6906a (webtiles) character file.

Game seed: 5342984392947671449

76 Aibolit the Trooper (level 4, -2/41 HPs)
             Began as a Hill Orc Fighter on Oct 8, 2022.
             Was an Initiate of Okawaru.
             Slain by an orc
             ... wielding a +0 hand axe
              (5 damage)
             ... on level 3 of the Dungeon.
             The game lasted 00:03:19 (2704 turns).

Aibolit the Trooper (Hill Orc Fighter)              Turns: 2704, Time: 00:03:19

Health: -2/41      AC: 12    Str: 20    XL:     4   Next: 32%
Magic:  4/4        EV:  4    Int:  8    God:    Okawaru [......]
Gold:   155        SH:  8    Dex: 10    Spells: 3/3 levels left

rFire   . . .      SeeInvis .   a - +0 war axe
rCold   . . .      Faith    .   k - +0 kite shield
rNeg    . . .      Spirit   .   b - +0 plate armour
rPois   .          Reflect  .   (no helmet)
rElec   .          Harm     .   (no cloak)
rCorr   .          Rampage  .   j - +0 pair of gloves
Will    .....                   (no boots)
Stlth   ..........              (no amulet)
HPRegen 0.13/turn               (no ring)
MPRegen 0.09/turn               (no ring)

@: mighty
A: no striking features
a: Renounce Religion


You were on level 3 of the Dungeon.
You worshipped Okawaru.
Okawaru was noncommittal.
You visited 2 branches of the dungeon, and saw 5 of its levels.

You collected 155 gold pieces.

Inventory:

Hand Weapons
 a - a +0 war axe (weapon)
Armour
 b - a +0 plate armour (worn)
 j - a +0 pair of gloves (worn)
 k - a +0 kite shield (worn)
Scrolls
 c - a scroll of acquirement {unknown}
 e - a scroll of enchant weapon {unknown}
 i - 2 scrolls of identify {unknown}
 m - a scroll of fear {unknown}
Potions
 d - a potion of might
 f - 2 potions of attraction {unknown}
 g - 2 potions of haste {unknown}
 h - 2 potions of mutation {unknown}
 l - a potion of curing {unknown}


   Skills:
 + Level 4.3 Fighting
 + Level 3.7 Axes
 + Level 4.0 Armour
 + Level 3.9 Shields


You had 3 spell levels left.
You didn't know any spells.
Your spell library was empty.

Dungeon Overview and Level Annotations

Branches:
Dungeon (4/15)             Temple (1/1) D:4

Altars:
Cheibriados
Dithmenos
Elyvilon
Gozag
Hepliaklqana
Makhleb
Nemelex Xobeh
Okawaru
Qazlal
Ru
Uskayaw
Xom

Annotations:
D:4 Grinder


Message History

You feel very mighty all of a sudden.
The orc hits you from afar with a +0 trident.
The orc hits you with a +0 flail.
You are too injured to fight recklessly!
You are too injured to fight recklessly!
You are too injured to fight recklessly!
You are too injured to fight recklessly!
You are too injured to fight recklessly!
You barely miss the orc.
The orc is heavily wounded.
You block the orc's attack. The orc hits you with a +0 flail.
The orc hits you but does no damage. x2
You slash the orc!
You kill the orc!
Okawaru accepts your kill. You block the orc's attack.
The orc throws a boomerang of dispersal.
The boomerang of dispersal completely misses you.
You closely miss the orc. You block the orc's attack.
The orc hits you with a +0 club.
* * * LOW HITPOINT WARNING * * *
You are too injured to fight recklessly!
You are too injured to fight recklessly!
You are too injured to fight recklessly!
You slice the orc!!
You kill the orc!
Okawaru accepts your kill. You block the orc's attack.
The orc hits you from afar with a +0 trident.
* * * LOW HITPOINT WARNING * * *
The orc hits you but does no damage.
You are too injured to fight recklessly!
The orc attacks as you move away! The orc hits you with a +0 hand axe.
* * * LOW HITPOINT WARNING * * *
The orc attacks as you move away! The orc hits you with a +0 hand axe.
* * * LOW HITPOINT WARNING * * *
You are too injured to fight recklessly!
You are too injured to fight recklessly!
You closely miss the orc. The orc hits you with a +0 hand axe.
You die...

#.......####.# #.# #
#.##.#..####†### #.# .#
..##.#..#......# #.# ...
#....#..#.##)#.# #.. ..
..####.......#.#####.##.##..
........#.####.........o....
.########.# #######o# . .#
#.##########[####... .#
#.##....@o##........ .#####
.#.#.####..oo.###.#. ......
# # ####.....# ...... #
#........# ...... #.
#.#.##.....# .#####
#.##.#.##.....# .#
#.##......##### .#
#...##.#### .# #.#.##.#


You could see 3 orcs.

Vanquished Creatures
  2 adders (D:3)
  A dart slug (D:3)
  3 orcs (D:3)
  3 endoplasms
  5 giant cockroaches
  6 goblins
  5 hobgoblins
  5 jackals (D:1)
  A quokka (D:3)
  4 ball pythons
  5 bats
  3 frilled lizards
  4 kobolds
  2 rats (D:1)
49 creatures vanquished.

Notes
Turn   | Place    | Note
-------+----------+-------------------------------------------
     0 | D:1      | Aibolit the Hill Orc Fighter began the quest for the Orb.
     0 | D:1      | Reached XP level 1. HP: 19/19 MP: 1/1
   210 | D:1      | Reached XP level 2. HP: 27/27 MP: 2/2
   714 | D:1      | Found a faded altar of an unknown god.
  1121 | D:2      | Reached XP level 3. HP: 32/33 MP: 3/3
  1588 | D:2      | You fall into a shaft and drop 2 floors!
  1588 | D:4      | Found a staircase to the Ecumenical Temple.
  1595 | Temple   | Entered the Ecumenical Temple
  1682 | Temple   | Became a worshipper of Warmaster Okawaru
  1745 | D:4      | Noticed Grinder
  2019 | D:3      | Reached XP level 4. HP: 37/40 MP: 4/4
  2704 | D:3      | Slain by an orc

Illustrated notes

Levels and vault maps discovered:
D:1:      nagdon_arrival_zigzag_paths, layout_basic,
          chequers_ecumenical_altar_grove, st_stairs_12
D:2:      layout_basic
D:3:      layout_loops_cross
D:4:      layout_basic, temple_hall, cheibrodos_sewer_entry_bend, uniq_ijyb,
          uniq_grinder, uniq_duvessa
Temple:   nicolae_temple_bog_church

Skill      XL: |  1  2  3  4 |
---------------+-------------+-----
Axes           | 3 |  3.7
Fighting       | 4 |  4.3
Armour         | 4 |  4.0
Shields        | |  3.9

Action                   |  1- 3 |  4- 6 || total
-------------------------+-------+-------++-------
Melee: War axe           |   123 |    43 ||   166
  Use: Potion            |       |     1 ||     1
Armor: Scale mail        |    18 |       ||    18
       Chain mail        |    16 |       ||    16
       Plate armour      |    39 |    23 ||    62
Dodge: Dodged            |    45 |    11 ||    56
Block: Buckler           |    23 |       ||    23
       Kite shield       |    13 |    28 ||    41
